 Dungeon Crawl Stone Soup version 0.29-a0-359-g541a27f54d (webtiles) character file.

Game seed: 10629243444410643008

12 Morbidden the Skirmisher (level 2, 24/24 HPs)
             Began as a Demonspawn Fighter on Apr 27, 2022.
             Quit the game on level 1 of the Dungeon.
             The game lasted 00:00:18 (144 turns).

Morbidden the Skirmisher (Demonspawn Fighter)        Turns: 144, Time: 00:00:18

Health: 24/24      AC:  6    Str: 16    XL:     2   Next: 20%
Magic:  2/2        EV:  8    Int:  9    God:
Gold:   8          SH:  4    Dex: 12    Spells: 1/1 levels left

rFire   . . .      SeeInvis .   a - +0 war axe
rCold   . . .      Faith    .   c - +0 buckler
rNeg    . . .      Spirit   .   b - +0 scale mail
rPois   .          Reflect  .   (no helmet)
rElec   .          Harm     .   (no cloak)
rCorr   .          Rampage  .   (no gloves)
Will    .....                   (no boots)
Stlth   ..........              (no amulet)
HPRegen 0.08/turn               (no ring)
MPRegen 0.08/turn               (no ring)

@: no status effects
A: demonic magic 1
a: no special abilities


You were on level 1 of the Dungeon.
You visited 1 branch of the dungeon, and saw 1 of its levels.

You collected 8 gold pieces.

Inventory:

Hand Weapons
 a - a +0 war axe (weapon)
Armour
 b - a +0 scale mail (worn)
 c - a +0 buckler (worn)
Potions
 d - a potion of might
 f - 2 potions of berserk rage {unknown}


   Skills:
 * Level 3.2 Fighting
 * Level 2.0 Axes
 + Level 2.8 Armour
 * Level 0.2 Dodging
 + Level 2.7 Shields
 * Level 0.3 Spellcasting


You had one spell level left.
You didn't know any spells.
Your spell library was empty.

Dungeon Overview and Level Annotations

Branches:
Dungeon (1/15)

Altars:


Innate Abilities, Weirdness & Mutations

Spells you cast may paralyse adjacent enemies.


Message History

You kill the giant cockroach!
No target in view!
No target in view!
Things that are here:
a +0 club; a kobold corpse No target in view!
Things that are here:
a giant cockroach corpse; a giant cockroach corpse No target in view!
Things that are here:
a +0 club; a kobold corpse
Found a stone staircase leading down.
No target in view!
e - a scroll labelled MEYM NYOTAFI No target in view!
You now have 8 gold pieces.
Found an escape hatch in the floor.
No target in view!
f - 2 fuming white potions No target in view!
Key pressed, stopping explore.
No target in view!
No target in view!
A ball python comes into view.
Found a short sword.
A ball python is nearby!
You slash the ball python!
You kill the ball python!
An endoplasm comes into view.
Your Axes skill increases to level 2!
An endoplasm is nearby!
An endoplasm is nearby!
Okay, then.
Okay, then.
Unknown command.
Unknown command.
As you read the scroll labelled MEYM NYOTAFI, it crumbles to dust.
It is a scroll of amnesia.
You feel forgetful for a moment.
Are you sure you want to abandon this character and quit the game? (Confirm with "yes".)

#.##.#............#
#..####..#.### ..#
#.##.# #.##.#
.#.####.##.#
...........#
...........#
..........##
........>@#
...J.....†#
##.####.... #.
###.## . ... ..#
)## .#


You could see an endoplasm.

Vanquished Creatures
  A dart slug (D:1)
  2 endoplasms (D:1)
  2 giant cockroaches (D:1)
  A kobold (D:1)
  2 ball pythons (D:1)
  A goblin (D:1)
9 creatures vanquished.

Notes
Turn   | Place    | Note
-------+----------+-------------------------------------------
     0 | D:1      | Morbidden the Demonspawn Fighter began the quest for the
                  | Orb.
     0 | D:1      | Reached XP level 1. HP: 18/18 MP: 1/1
    75 | D:1      | Gained mutation: Spells you cast may paralyse adjacent
                  | enemies. [demonic ancestry]
    75 | D:1      | Reached XP level 2. HP: 21/24 MP: 2/2
   144 | D:1      | Quit the game

Illustrated notes

Levels and vault maps discovered:
D:1:      psy_arrival_dodecagon, layout_rooms

Skill      XL: |  1  2 |
---------------+-------+-----
Axes           | 2 |  2.0
Fighting       | |  3.2
Armour         | |  2.8
Dodging        | |  0.2
Shields        | |  2.7
Spellcasting   | |  0.3

Action                   || total
-------------------------++-------
Melee: War axe           ||    15
  Use: Scroll            ||     1
Armor: Scale mail        ||     9
Dodge: Dodged            ||     4
Block: Buckler           ||     3

Table legend: (Time is in decaauts)
 A = Elapsed time spent in this place.
 B = Non-inter-level travel time spent in this place.
 C = Inter-level travel time spent in this place.
 D = Time resting spent in this place.
 E = Time spent auto-exploring this place.
 F = Levels seen in this place.
 G = Mean time per level.
                   A        B        C        D        E       F      G
               +--------+--------+--------+--------+--------+-----+--------+
         Total |    151 |    151 |      0 |      0 |    109 |   1 |  151.0 |
       Dungeon |    151 |    151 |      0 |      0 |    109 |   1 |  151.0 |
               +--------+--------+--------+--------+--------+-----+--------+

Top non-repeatable levels by time:
     D:1: 151 daAuts
